 Dungeon Crawl Stone Soup version 0.31-a0-1499-ge0622b2318 (webtiles) character file.

Game seed: 17913179968538393232

47 Skeral the Chiller (level 3, -2/36 HPs)
             Began as an Oni Ice Elementalist on Dec 29, 2023.
             Slain by a kobold
             ... wielding a +2 short sword of electrocution
              (19 damage)
             ... on level 1 of the Dungeon.
             The game lasted 00:03:12 (793 turns).

Skeral the Chiller (Oni Ice Elementalist)            Turns: 793, Time: 00:03:12

Health: -2/36      AC:  3    Str: 12    XL:     3   Next: 70%
Magic:  6/7        EV:  9    Int: 18    God:
Gold:   72         SH:  0    Dex:  9    Spells: 1/8 levels left

rFire   + . .        j - +1 hand axe (vamp)
rCold   + . .        (no shield)
rNeg    . . .        a - +0 robe
rPois   .            (helmet restricted)
rElec   .            k - scarf {rC+ rF+}
rCorr   .            (gloves unavailable)
SInv    .            (boots unavailable)
Will    +....        (no amulet)
Stlth   +            l - ring of willpower
HPRegen 0.26/turn    (no ring)
MPRegen 0.10/turn

%: no passive effects
@: no status effects
A: large, unfitting armour, horns 1, tough skin 1, double potion healing,
drunken brawling
a: no special abilities


You were on level 1 of the Dungeon.
You visited 1 branch of the dungeon, and saw 2 of its levels.

You collected 72 gold pieces.


Innate Abilities, Weirdness & Mutations

You are too large for most types of armour.
You have a pair of small horns on your head.
You have tough skin. (AC +1)
You gain doubled healing and magic from potions.
Whenever you drink a healing potion, you attack all around you.


   Skills:
 + Level 2.5 Fighting
 - Level 1.7 Dodging
 - Level 1.4 Stealth
 - Level 3.0 Spellcasting
 + Level 4.1 Ice Magic


You had one spell level left.
You knew the following spells:

 Your Spells              Type           Power      Damage    Failure   Level
f - Freeze                Ice            68%        1d8       3%          1
o - Ozocubu's Armour      Ice            17%        N/A       9%          3
r - Frozen Ramparts       Ice            34%        1d6       9%          3

Your spell library contained the following spells:

 Spells                   Type           Power      Damage    Failure   Level
 Summon Ice Beast         Ice/Summ       10%        N/A       22%         3

Inventory:

Hand Weapons
 j - a +1 vampiric hand axe (weapon)
   (You found it on level 2 of the Dungeon)
Armour
 a - a +0 robe (worn)
 k - a scarf of resistance (worn)
   (You found it on level 2 of the Dungeon)
Jewellery
 l - a ring of willpower (left hand)
   (You found it on level 1 of the Dungeon)
Scrolls
 d - a scroll of immolation {unknown}
 f - 2 scrolls of silence {unknown}
 g - a scroll of teleportation {unknown}
 i - 3 scrolls of identify {unknown}
 n - a scroll of fear {unknown}
Potions
 b - 3 potions of magic
 c - 2 potions of curing {unknown}
 e - a potion of resistance {unknown}
 h - a potion of lignification {unknown}
 m - a potion of brilliance {unknown}

Dungeon Overview and Level Annotations

Branches:
Dungeon (2/15) Zot: 11186

Altars:

# .#. ....####### #.
.)........###
#.#............#
.........K@....#
#.#........#...#
#.#.#####..#...# ♣.#.#
#..#...# ♣~..##
#####...# ~♣
♣...###.....### ~~~♣
♣........>#######
P~~~~~♣..............#
P♣~~~~##...#...#####.#


You could see a kobold.


Message History

Something bites the bush but does no damage.
Something bites the bush but does no damage. 😕 HP[+1]
Something bites the bush but does no damage.
The rat twitches its whiskers. 😎 HP[+1]
Your hp is fully restored (36).
The dart slug bites you but does no damage.
The rat bites the bush but does no damage.
You hit the dart slug. You headbutt the dart slug.
You hit the bush but do no damage. x2
The rat bites something but does no damage.
The rat bites the bush but does no damage.
The dart slug barely misses you.
You hit the dart slug.
You kill the dart slug!
You hit the bush but do no damage. x2
The rat bites something but does no damage.
You barely miss the rat. Your headbutt misses the rat.
You hit the bush but do no damage. x2; The rat bites you but does no damage.
You hit the rat.
You kill the rat!
You hit the bush but do no damage. You hit the bush.
You completely miss the rat. The rat barely misses you.
You hit the rat.
You kill the rat!
You hit the bush but do no damage. x2
A kobold comes into view. It is wielding a +0 short sword.
No reachable target in view!
No reachable target in view!
Things that are here:
a rat corpse; a dart slug corpse You hit the bush but do no damage. x5
Something bites the bush but does no damage.
The kobold shouts!
You hear an angry hiss.
The kobold throws a stone.
The stone hits you but does no damage.
The kobold hits the bush with a +0 short sword.
The kobold throws a stone.
The stone hits you but does no damage.
The kobold hits the bush but does no damage.
The kobold throws a stone.
The stone hits you. 😕 HP[-2]
You take 2 damage, and now have 34/36 hp.
The frilled lizard barely misses you.
You barely miss the frilled lizard. You hit the bush but do no damage. x6
The frilled lizard bites you.
The frilled lizard closely misses you. 😕 HP[-1]
You take 1 damage, and now have 33/36 hp.
You closely miss the frilled lizard. You headbutt the frilled lizard.
You kill the frilled lizard!
You hit the bush but do no damage. x3; You hit the bush. x2
You hit the bush but do no damage. You barely miss the kobold.
Your headbutt misses the kobold.
You hit the bush but do no damage. x5; You hit the bush.
The kobold closely misses you.
You hit the kobold.
You feel better.
Your headbutt misses the kobold.
You hit the bush but do no damage. x3; You hit the bush.
You hit the bush but do no damage. x2; The kobold closely misses you.
The kobold hits you but does no damage. 😕 HP[+2]
You regained 2 hp, and now have 35/36 hp.
You hit the kobold.
You feel better.
You kill the kobold!
You hit the bush but do no damage. x5; You hit the bush. 😎 HP[+1]
Your hp is fully restored (36).
Things that are here:
a +0 short sword; a stone A rat comes into view.
The rat squeaks loudly.
The rat splashes around in the water.
You hit the rat. You headbutt the rat.
You kill the rat!
You hit the plant.
The plant begins to die.
You enter the shallow water.
You see here a rat corpse.
A nearby plant withers and dies.
Things that are here:
a +0 short sword; a stone
Things that are here:
a rat corpse; a dart slug corpse
n - a scroll labelled SUMEITH VEEHO A kobold comes into view.
It is wielding a +2 short sword of electrocution.
The kobold shouts!
The kobold moves out of view.
The kobold hits you but does no damage.
You are electrocuted!!
Ouch! That really hurt!
* * * LOW HITPOINT WARNING * * *
😨 HP[-19]
You take 19 damage, and now have 17/36 hp.
MASSIVE DAMAGE!! (PAUSE)
Casting: Freeze (safe; 3% risk of failure)
Confirm with . or Enter, or press ? or * to list all spells.
Aiming: Freeze (safe; 3% risk of failure)
Press: ? - help, Shift-Dir - straight line, f - kobold
Aim: a kobold, wielding a +2 short sword of electrocution and quivering stones You freeze the kobold.
The kobold hits you but does no damage.
You are electrocuted!!
Ouch! That really hurt!
You die...

Skill      XL: |  1  2 |
---------------+-------+-----
Fighting       | 1 2 |  2.5
Spellcasting   | 3 |  3.0
Ice Magic      | 4 |  4.1
Dodging        | |  1.7
Stealth        | |  1.4

Action                     || total
---------------------------++-------
  Melee: Unarmed           ||     3
         Headbutt          ||    23
         Hand axe          ||    71
   Cast: Freeze            ||    20
 Armour: Robe              ||    39
  Dodge: Dodged            ||    33

Levels and vault maps discovered:
D:1:      shiori_arrival_whats_in_store_for_you, layout_basic, serial_bayou,
          serial_bayou_lake_a, serial_bayou_shore_b, serial_bayou_pond_e,
          serial_bayou_shore_b, chequers_serial_rivers_small_b,
          minmay_hedge_maze
D:2:      layout_rooms

Notes
Turn   | Place    | Note
-------+----------+-------------------------------------------
     0 | D:1      | Skeral the Oni Ice Elementalist began the quest for the
                  | Orb.
     0 | D:1      | Reached XP level 1. HP: 16/16 MP: 3/3
     0 | D:1      | magus.rc [v1.10.3]
     3 | D:1      | Noticed a ghoul
    11 | D:1      | Noticed a demonspawn
    17 | D:1      | Noticed a human
    17 | D:1      | Noticed a demonspawn zombie
    19 | D:1      | Noticed a draconian
    21 | D:1      | Noticed a merfolk
    35 | D:1      | You fall into a shaft and drop 1 floor!
   102 | D:2      | Reached skill level 1 in Fighting
   115 | D:2      | Reached XP level 2. HP: 27/27 MP: 2/5
   343 | D:2      | Reached skill level 3 in Spellcasting
   395 | D:2      | Reached skill level 2 in Fighting
   395 | D:2      | Reached skill level 4 in Ice Magic
   395 | D:2      | Reached XP level 3. HP: 33/35 MP: 4/7
   469 | D:2      | Learned a level 3 spell: Frozen Ramparts
   473 | D:2      | Learned a level 3 spell: Ozocubu's Armour
   793 | D:1      | Slain by a kobold

Vanquished Creatures
  2 adders (D:2)
  2 dart slugs
  An orc (D:2)
  A ball python (D:2)
  A bat (D:2)
  2 endoplasms (D:2)
  A giant cockroach (D:2)
  A goblin (D:1)
  2 hobgoblins (D:2)
  4 kobolds
  A quokka (D:2)
  3 frilled lizards
  5 rats
26 creatures vanquished.

Table legend:
 A = Non-vault XP
 B = Vault XP
 C = Vault XP percentage of total XP
 D = Non-vault monster count
 E = Vault monster count
 F = Vault count percentage of total count
                 A         B        C        D         E       F
            +---------+---------+-------+---------+---------+-------
      Total |      68 |       0 |   0.0 |      26 |       0 |   0.0
            +---------+---------+-------+---------+---------+-------
        D:1 |      12 |       0 |   0.0 |       8 |       0 |   0.0
        D:2 |      56 |       0 |   0.0 |      18 |       0 |   0.0
            +---------+---------+-------+---------+---------+-------

Skill      XL: |  1  2 |
---------------+-------+-----
Fighting       | 1 2 |  2.5
Spellcasting   | 3 |  3.0
Ice Magic      | 4 |  4.1
Dodging        | |  1.7
Stealth        | |  1.4

Action                     || total
---------------------------++-------
  Melee: Unarmed           ||     3
         Headbutt          ||    23
         Hand axe          ||    71
   Cast: Freeze            ||    20
 Armour: Robe              ||    39
  Dodge: Dodged            ||    33

Illustrated notes

Table legend:
 A = Kills in this place as a percentage of kills in the entire game.
 B = Kills by you in this place as a percentage of kills by you in the entire game.
 C = Kills by friends in this place as a percentage of kills by friends in the entire game.
 D = Other kills in this place as a percentage of other kills in the entire game.
 E = Experience gained in this place as a percentage of experience gained in the entire game.
 F = Experience gained in this place divided by the number of levels of this place that you have seen.
                   A       B       C       D       E      F
               +-------+-------+-------+-------+-------+----------------------
         Total | 100.0 | 100.0 |   N/A |   N/A | 100.0 |  34.0
       Dungeon | 100.0 | 100.0 |   N/A |   N/A | 100.0 |  34.0
               +-------+-------+-------+-------+-------+----------------------

Table legend: (Time is in decaauts)
 A = Elapsed time spent in this place.
 B = Non-inter-level travel time spent in this place.
 C = Inter-level travel time spent in this place.
 D = Time resting spent in this place.
 E = Time spent auto-exploring this place.
 F = Levels seen in this place.
 G = Mean time per level.
                   A        B        C        D        E       F      G
               +--------+--------+--------+--------+--------+-----+--------+
         Total |    812 |    812 |      0 |     37 |    265 |   2 |  406.0 |
       Dungeon |    812 |    812 |      0 |     37 |    265 |   2 |  406.0 |
               +--------+--------+--------+--------+--------+-----+--------+

Top non-repeatable levels by time:
     D:2: 501 daAuts
     D:1: 310 daAuts
